AoeStats
← carlos_lb

Arena

510948710Analyzed
2v2 RM · 15h ago on Oct 3, 2026· 63m 14s· 4 players
Game mode
Random Map
Map size
Medium (4 player)
Population
200
Speed
Normal
Resources
Standard
Victory
Conquest
Starting age
Dark Age
Ending age
Imperial Age
RankedLock teamsTeams togetherTeam positionsShared explorationLock speedFull tech treeHidden civsTurbo modeCheats
Victory
Defeat
🇲🇽 Saracens · Mexico
955
+15
🇲🇽 Celts · Mexico
916
+17
🇨🇦 Cumans · Canada
945
-16
🇲🇽 Spanish · Mexico
940
-16
Salgt27
11:29 Feudal Age
15:44 Castle Age
14:01 Double-Bit Axe
14:26 Horse Collar
15:51 Forging
16:29 Bloodlines
28:42 Scale Barding Armor
29:23 Fletching
30:15 Padded Archer Armor
34:05 Gold Mining
37:26 Imperial Age
36:12 Wheelbarrow
35:22 Loom
35:28 Town Watch
37:11 Bodkin Arrow
40:52 Bow Saw
42:03 Husbandry
42:25 Chain Barding Armor
42:12 Elite Skirmisher
44:08 Plate Barding Armor
44:09 Iron Casting
44:00 Ballistics
43:43 Bracer
45:55 Leather Archer Armor
46:40 Blast Furnace
46:46 Fortified Wall
47:41 Ring Archer Armor
53:35 Light Cavalry
53:58 Heavy Camel Rider
54:13 Elite Mameluke
54:28 Hussar
57:05 Two-Man Saw
56:07 Heavy Plow
62:21 Hand Cart
carlos_lb
11:59 Feudal Age
17:00 Castle Age
15:05 Double-Bit Axe
15:23 Gold Mining
17:22 Pikeman
18:54 Forging
21:54 Horse Collar
23:04 Heavy Plow
25:56 Bow Saw
26:04 Fletching
27:20 Scale Barding Armor
29:11 Loom
29:42 Husbandry
32:00 Wheelbarrow
32:12 Ballistics
37:01 Imperial Age
37:07 Imperial Age
36:25 Elite Skirmisher
38:53 Chemistry
37:18 Cavalier
40:07 Bodkin Arrow
43:12 Halberdier
47:13 Chain Barding Armor
47:08 Fortified Wall
49:10 Arson
49:06 Heavy Scorpion
51:55 Scale Mail Armor
52:31 Iron Casting
54:03 Hand Cart
55:52 Light Cavalry
Alexis angel666
8:19 Loom
11:58 Feudal Age
16:40 Castle Age
15:04 Double-Bit Axe
15:47 Horse Collar
18:34 Bow Saw
24:35 Fervor
26:23 Padded Archer Armor
26:14 Fletching
27:35 Leather Archer Armor
30:31 Wheelbarrow
30:05 Heavy Plow
32:37 Forging
32:37 Scale Barding Armor
35:40 Hand Cart
36:37 Bodkin Arrow
37:18 Iron Casting
37:04 Chain Barding Armor
37:55 Bloodlines
37:45 Husbandry
37:50 Town Watch
41:11 Imperial Age
40:28 Gold Mining
40:29 Stone Mining
41:55 Bracer
42:25 Ring Archer Armor
41:54 Cavalier
43:42 Blast Furnace
48:47 Chemistry
48:07 Ballistics
47:31 Elite Skirmisher
48:17 Thumb Ring
49:24 Paladin
54:12 Light Cavalry
55:33 Plate Barding Armor
54:58 Scale Mail Armor
57:57 Hussar
61:10 Two-Man Saw
Fergus_Magnus
8:06 Loom
11:00 Feudal Age
12:40 Man-at-Arms
13:36 Arson
14:09 Double-Bit Axe
23:01 Gold Mining
26:11 Wheelbarrow
25:54 Horse Collar
27:58 Fletching
31:58 Castle Age
30:22 Stone Mining
31:03 Scale Mail Armor
33:07 Bloodlines
33:14 Bow Saw
35:45 Hand Cart
37:13 Heavy Plow
38:26 Steppe Husbandry
43:37 Imperial Age
42:01 Gold Shaft Mining
42:24 Scale Barding Armor
42:30 Forging
43:55 Bodkin Arrow
44:44 Conscription
44:23 Elite Steppe Lancer
48:18 Chain Barding Armor
48:43 Iron Casting
54:11 Light Cavalry
55:41 Hussar
60:14 Masonry
Connection lost

Rejoining the realm…

Still unreachable

The connection could not be restored.

Session expired

The server has moved on; the page needs a fresh start.